Map: Ley Lines

Players

KimChiLoVer - Winner!

  • Race: Terran Terran
  • Spawn Location: 7:00

VOD

Have the link to the VOD?

Description

Time

  • Played on: Aug. 16, 2025, 6 p.m.
  • Length: 10:31
Show
View Real Time Build Order
Export as new Build Order

KimChiLoVer Terran - Winner!

Build Orders: Reaper Expand 

Get SALT Encoding   

  12  0:02  SCV  
  12  0:14  SCV  
  12  0:18  Supply Depot  
  12  0:26  SCV  
  12  0:39  SCV  
  12  0:40  Barracks  
  12  0:46  Refinery  
  12  0:51  SCV  
  12  1:03  SCV  
  12  1:15  SCV  
  12  1:27  Orbital Command  
  12  1:29  Reaper  
  12  1:39  Command Center  
  12  1:47  Supply Depot  
  12  1:53  SCV  
  12  2:01  Marine  
  12  2:06  Factory  
  12  2:08  SCV  
  12  2:12  Refinery  
  12  2:20  SCV  
  12  2:22  Barracks  
  12  2:26  Barracks Reactor  
  12  2:32  SCV  
  12  2:39  Barracks  
  12  2:44  SCV  
  12  2:51  Factory Tech Lab  
  12  2:54  Orbital Command  
  12  3:01  SCV  
  12  3:05  Marine x2  
  12  3:13  SCV  
  12  3:19  Stimpack  
  12  3:31  Command Center  
  12  3:34  SCV  
  12  3:39  Starport  
  12  3:41  Factory Reactor  
  12  3:46  SCV x2  
  12  3:51  Engineering Bay  
  12  3:55  Engineering Bay  
  12  3:59  SCV  
  12  4:00  SCV  
  12  4:03  Marine x2  
  12  4:11  SCV, Supply Depot  
  12  4:13  SCV  
  12  4:15  Marine  
  12  4:26  Terran Infantry Weapons Level 1, Factory Tech Lab  
  12  4:27  Terran Infantry Armor Level 1  
  12  4:29  SCV x2  
  12  4:35  Barracks  
  12  4:36  Barracks Tech Lab  
  12  4:37  Marine  
  12  4:41  SCV  
  12  4:44  Orbital Command  
  12  4:47  Medivac  
  12  4:50  Medivac  
  12  4:56  SCV x2  
  12  5:08  Siege Tank  
  12  5:15  Barracks  
  12  5:20  Armory  
  12  5:21  Refinery  
  12  5:23  SCV x3, Refinery  
  12  5:27  Supply Depot  
  12  5:32  Supply Depot  
  12  5:33  Barracks Reactor  
  12  5:34  Marine x2  
  12  5:35  SCV  
  12  5:43  SCV x2  
  12  5:50  Combat Shield, Orbital Command  
  12  5:52  Marine x2  
  12  5:53  Marine x2  
  12  5:56  Medivac  
  12  6:07  Command Center  
  12  6:09  Barracks Tech Lab  
  12  6:10  Marine x6  
  12  6:12  SCV  
  12  6:17  SCV  
  12  6:18  SCV  
  12  6:21  Supply Depot  
  12  6:22  Terran Infantry Weapons Level 2  
  12  6:24  Terran Infantry Armor Level 2  
  12  6:28  Marine x4  
  12  6:29  Marine x2  
  12  6:34  Viking  
  12  6:39  Supply Depot  
  12  6:43  SCV x3  
  12  6:46  Refinery  
  12  6:49  Supply Depot  
  12  6:55  SCV  
  12  6:56  Marine x3  
  12  6:57  Barracks  
  12  6:58  Barracks  
  12  6:59  SCV, Barracks  
  12  7:04  SCV  
  12  7:07  Medivac, Viking  
  12  7:08  Marine  
  12  7:15  Terran Vehicle And Ship Armor Level 1  
  12  7:23  Orbital Command  
  12  7:24  Starport  
  12  7:28  Supply Depot  
  12  7:30  Marine x3  
  12  7:31  Marine  
  12  7:34  Siege Tank  
  12  7:37  SCV x2  
  12  7:39  Refinery  
  12  7:42  SCV  
  12  7:46  Supply Depot  
  12  7:49  Barracks Reactor  
  12  7:56  Supply Depot  
  12  8:04  Marauder x2, Marine x3  
  12  8:06  Barracks Tech Lab  
  12  8:08  Orbital Command  
  12  8:14  Starport Reactor  
  12  8:15  Medivac  
  12  8:16  Viking  
  12  8:18  Siege Tank  
  12  8:20  Marauder, Marine  
  12  8:24  Barracks Reactor  
  12  8:25  Marauder  
  12  8:26  Marauder x2, Marine x2  
  12  8:27  Concussive Shells  
  12  8:32  Supply Depot  
  12  8:35  SCV  
  12  8:37  Marine x2  
  12  8:41  Marauder  
  12  8:43  Marine x3  
  12  8:47  Marauder x2, SCV  
  12  8:51  SCV x2  
  12  8:52  SCV  
  12  8:58  Medivac, Viking  
  12  8:59  SCV  
  12  9:02  Viking  
  12  9:04  Marauder x2, Marine x3  
  12  9:11  SCV  
  12  9:12  Supply Depot  
  12  9:17  Supply Depot  
  12  9:33  Supply Depot  
  12  9:34  Marauder x3, Marine x4  
  12  9:36  SCV x3  
  12  9:37  SCV  
  12  9:42  Siege Tank, Command Center  
  12  9:43  Medivac  
  12  9:44  Viking, Medivac  
  12  9:45  Marine  
  12  9:53  Marauder, Viking, Marine x4  
  12  9:55  Marauder, Marine x2  
  12  10:20  Refinery  
  12  10:23  Refinery  
Tags
 
Add a new tag
Caveats
  • Supply blocks, unpowered buildings, or Contaminate may cause inaccurate times.
  • Supply counts are checked every 10 seconds.